Unix NetHack Version 5.0.0-0 post-release - last build May  4 2026 22:22:43 (774f63e81ad911689b3a0859ea89b322d5daca8d,branch:main).

Game began 2026-05-08 12:38:37, ended 2026-05-08 13:00:08.

2461479678, lawful female human Valkyrie

                                 ---------
                                 |.......|                            --------
             -----------         |.......|                            |......|
             |.........|         |...)....#                       ####-......|
             |.........|         |.......|#                       #   |%Z....|
             |..........##       -.--|----#                      ##   |.@e...|
             |......>..| #        #  #########    ---+--------   #    --------
             -|--------- #        #         #     |..........|   #
              #          ###     ##         #     |..........|   #
              #            ##    #          ####  |..........|  ##
             ##             #   ##             %  |..........| ##
            ##              ##--.----------    ###|..........| #
           ##                #|...........|      #........^...##
          ##                 #............|       ------------
         -.-------            |...........|
         |.<.....|            |...........|
         |.......|            -------------
         |...`....
         ---------

2461479678 the Skirmisher   St:18/06 Dx:10 Co:12 In:7 Wi:10 Ch:10  Lawful
Dlvl:5  $:58 HP:0(28) Pw:5(5) AC:6  Xp:3 T:1113 

Latest messages:
 What do you want to eat? [dkl or ?*] l
 This lichen corpse tastes okay.
 You stop eating the lichen corpse.
 You miss the jackal.
 The jackal bites!
 You are beginning to feel hungry.
 You miss the jackal.
 The jackal bites!
 You miss the jackal.
 The jackal misses!
 You kill the jackal!
 You kill the jackal!
 There is a jackal corpse here; eat it? [ynq] (n) y
 This jackal corpse tastes okay.
 You finish eating the jackal corpse.
 A gush of water hits you on the head!
 You find a hidden door.
 The door opens.
 The iguana bites!
 The iguana bites!
 You hit the iguana!
 The iguana bites!
 You miss the iguana.
 You kill the iguana!
 Welcome to experience level 3.
 You feel stealthy!
 You see here an iguana corpse.
 You hit the floating eye!
 You are frozen by the floating eye's gaze!
 The kobold zombie hits!
 The kobold zombie hits!
 The kobold zombie hits!
 The kobold zombie hits!
 The kobold zombie hits!
 The kobold zombie hits!
 The kobold zombie hits!
 The kobold zombie hits!
 The kobold zombie hits!
 The kobold zombie hits!
 The kobold zombie hits!
 The kobold zombie hits!
 The kobold zombie hits!
 The kobold zombie hits!
 The kobold zombie hits!
 You die...
 Do you want your possessions identified? [ynq] (y) y
 Do you want to see your attributes? [ynq] (y) n
 Do you want an account of creatures vanquished? [ynaq] (y) n
 Do you want to see your conduct and achievements? [ynq] (y) n
 Do you want to see the dungeon overview? [ynq] (y) n

Inventory:
 Coins    ('$')
  $ - 58 gold pieces
 Weapons  (')')
  b - a blessed +0 dagger (alternate weapon; not wielded)
  a - a +1 spear (weapon in right hand)
 Armor    ('[')
  i - an uncursed +1 elven leather helm
  c - an uncursed +3 small shield (being worn)
  e - an uncursed +0 splint mail
 Comestibles  ('%')
  d - an uncursed food ration
  k - an uncursed lembas wafer
  l - an uncursed partly eaten lichen corpse
 Potions  ('!')
  h - an uncursed potion of levitation
  j - a cursed potion of sleeping
 Tools    ('(')
  m - an uncursed skeleton key
  n - an uncursed tin opener
 Gems/Stones  ('*')
  g - a cursed worthless piece of violet glass

2461479678 the Valkyrie's attributes:

Background:
 You were a Skirmisher, a level 3 human Valkyrie.
 You were lawful, nominally on a mission for Tyr
 who was opposed by Odin (neutral) and Loki (chaotic).
 You were right-handed.
 You were in the Dungeons of Doom, on level 5.
 You entered the dungeon 1113 turns ago.
 You had 40 experience points, 40 more were needed to attain level 4.

Basics:
 You had 0 out of 28 hit points.
 You had all 5 energy points (spell power).
 Your armor class was 6.
 Your wallet contained 58 zorkmids.
 Autopickup was off.

Final Characteristics:
 Your strength was 18/06 (limit:18/100).
 Your dexterity was 10 (limit:18).
 Your constitution was 12 (limit:18).
 Your intelligence was 7 (limit:18).
 Your wisdom was 10 (limit:18).
 Your charisma was 10 (limit:18).

Final Status:
 You weren't hungry.
 You were unencumbered.
 You were wielding a spear.
 You had basic skill with spear.

Final Attributes:
 You were devoutly aligned.
 You were cold resistant.
 You were stealthy.
 You are dead.

Miscellaneous:
 You didn't encounter any bones levels.
 Total elapsed playing time was 21 minutes and 30 seconds.

Major events:
 Turn
    1: 2461479678 the lawful human Valkyrie entered the dungeon
 1057: attained the rank of Skirmisher (level 3)
 1113: killed by a kobold zombie, while frozen by a floating eye's gaze

You didn't know any spells.

Skills:
 Fighting Skills
   bare handed combat [Unskilled]
   two weapon combat  [Unskilled]
   riding             [Unskilled]
 Weapon Skills
   dagger             [Basic]
   axe                [Unskilled]
   pick-axe           [Unskilled]
   short sword        [Unskilled]
   broadsword         [Unskilled]
   long sword         [Unskilled]
   two-handed sword   [Unskilled]
   saber              [Unskilled]
   hammer             [Unskilled]
   quarterstaff       [Unskilled]
   polearms           [Unskilled]
   spear              [Basic]
   trident            [Unskilled]
   lance              [Unskilled]
   sling              [Unskilled]
 Spellcasting Skills
   attack spells      [Unskilled]
   escape spells      [Unskilled]

Voluntary challenges:
 Character rerolling was not enabled.
 You were an atheist.
 You were illiterate.
 You never genocided any monsters.
 You never polymorphed an object.
 You never changed form.
 You used no wishes.
Achievement:
 You attained the rank of Skirmisher.

 The Dungeons of Doom: levels 1 to 5
    Level 1:
       An altar to Tyr, some fountains.
    Level 2:
    Level 3:
       A fountain, a sink.
    Level 5: <- You were here.
       Final resting place for
          you, killed by a kobold zombie, while frozen by a floating eye's gaze.


Vanquished creatures:
 an iguana
  a giant rat
  7 jackals
  a sewer rat
  4 grid bugs
  5 lichens
  4 newts
23 creatures vanquished.

No species were genocided or became extinct.

Game over:
                       ----------
                      /          \
                     /    REST    \
                    /      IN      \
                   /     PEACE      \
                  /                  \
                  |    2461479678    |
                  |      58 Au       |
                  |   killed by a    |
                  |  kobold zombie   |
                  |                  |
                  |                  |
                  |       2026       |
                 *|     *  *  *      | *
        _________)/\\_//(\/(/\)/\//\/|_)_______

Farvel 2461479678 the Valkyrie...

You died in The Dungeons of Doom on dungeon level 5 with 413 points,
and 58 pieces of gold, after 1113 moves.
You were level 3 with a maximum of 28 hit points when you died.

